 Dungeon Crawl Stone Soup version 0.14-a0-2564-g94087c3 (webtiles) character file.

7157 Lektor the Conjurer (level 10, 0/70 HPs)
             Began as a Black Draconian Conjurer on Feb 11, 2014.
             Was a Believer of Vehumet.
             Slain by a yak (12 damage)
             ... on Level 1 of the Lair of Beasts.
             The game lasted 01:31:09 (10443 turns).

Lektor the Conjurer (Black Draconian Conjurer)     Turns: 10443, Time: 01:31:09

HP   0/70        AC 18     Str 10      XL: 10   Next: 70%
MP   0/24        EV 12     Int 20      God: Vehumet [**....]
Gold 582         SH 12     Dex 11      Spells:  7 memorised,  4 levels left

rFire  . . .     SeeInvis .     G - +4,+6 dwarf hand axe
rCold  . . .     Clarity  .     (armour unavailable)
rNeg   + . .     Conserve .     T - +0 buckler
rPois  .         rCorr    .     (helmet restricted)
rElec  +         rRot     .     (no cloak)
SustAb . .       Spirit   .     Q - +2 pair of gloves
rMut   +         Warding  .     f - +1 pair of dwarf boots (curse)
Saprov . . .     Stasis   .     R - amulet of resist mutation
MR     .....                    l - +6 ring of protection
                                B - cursed ring of positive energy

@: not resistant to hostile enchantments, fairly stealthy
A: breathe lightning, unfitting armour, fast metabolism 1, electricity
resistance, AC +7
a: Breathe Lightning, Renounce Religion


You were on level 1 of the Lair of Beasts.
You worshipped Vehumet.
Vehumet was pleased with you.
You were very hungry.

You visited 3 branches of the dungeon, and saw 10 of its levels.
You also visited: Ossuary.

You collected 582 gold pieces.

Inventory:

Hand weapons
 k - a cursed +0,+0 whip of draining
 G - a +4,+6 dwarven hand axe (weapon)
Missiles
 h - 44 poisoned needles
 m - 43 darts
 n - 4 tomahawks
 p - 5 curare-tipped needles
 x - a dart of flame
 A - 3 tomahawks of returning (quivered)
Armour
 f - a cursed +1 pair of dwarven boots (worn)
 Q - a +2 pair of gloves (worn)
 T - a +0 buckler (worn)
Magical devices
 v - a wand of frost (7)
 I - a wand of fire (7)
Comestibles
 b - 5 bread rations
 t - 6 meat rations
 u - an apple
 L - 2 rotting chunks of gnoll flesh
Scrolls
 a - 2 scrolls of enchant weapon I
 g - 2 scrolls of fog
 i - 9 scrolls of identify
 j - a scroll of immolation
 o - 2 scrolls of fear
 q - 4 scrolls of remove curse
 r - 2 scrolls of teleportation
 y - a scroll of amnesia
 C - a scroll of enchant armour
 M - 2 scrolls of random uselessness {unknown}
 N - a scroll of blinking
 P - 3 scrolls of enchant weapon II {unknown}
Jewellery
 l - a +6 ring of protection (right hand)
 B - a cursed ring of positive energy (left hand)
 R - an amulet of resist mutation (around neck)
Potions
 d - 3 potions of speed
 e - a potion of agility
 s - 2 potions of heal wounds
 w - 5 potions of curing
 z - a potion of beneficial mutation
 F - a potion of lignification
 H - 2 potions of brilliance
 J - 2 potions of restore abilities
 K - 2 potions of magic
 O - a potion of flight
Books
 c - a book of Conjurations

   Spells                             Type                      Level
   *Magic Dart                        Conjuration                  1
   *Searing Ray                       Conjuration                  2
   *Dazzling Spray                    Conjuration/Hexes            3
   Iskenderun's Mystic Blast          Conjuration                  4
   *Iskenderun's Battlesphere         Conjuration/Charms           4
   *Fulminant Prism                   Conjuration/Hexes            5
 E - a book of Spatial Translocations

   Spells                             Type                      Level
   Apportation                        Translocation                1
   *Blink                             Translocation                2
   Shroud of Golubria                 Charms/Translocation         2
   Portal Projectile                  Translocation                3
   Teleport Other                     Translocation                3
   Passage of Golubria                Translocation                4


   Skills:
 - Level 0.4 Fighting
   Level 1.0 Polearms
 - Level 2.2 Dodging
 - Level 3.0 Stealth
 + Level 8.3 Shields
 + Level 6.8 Spellcasting
 - Level 9.4 Conjurations
 + Level 2.2 Hexes
 - Level 6.1 Charms
 - Level 3.0 Translocations


You had 4 spell levels left.
You knew the following spells:

 Your Spells              Type           Power        Failure   Level  Hunger
a - Magic Dart            Conj           ####         1%          1    None
b - Searing Ray           Conj           #####.       1%          2    None
c - Dazzling Spray        Conj/Hex       ####....     2%          3    ##.....
d - Iskenderun's Battles  Conj/Chrm      #####...     4%          4    ###....
e - Blink                 Tloc           N/A          4%          2    None
f - Fulminant Prism       Conj/Hex       ####......   24%         5    #####..
g - Shock                 Conj/Air       ####         1%          1    None


Dungeon Overview and Level Annotations

Branches:
Dungeon (8/16)             Temple (1/1) D:7            Lair (1/8) D:8

Altars:
Ashenzari
Cheibriados
Dithmenos
Elyvilon
Fedhas
Makhleb
Nemelex Xobeh
Okawaru
Sif Muna
Trog
Vehumet
Xom
Yredelemnul
Zin
The Shining One


Innate Abilities, Weirdness & Mutations

You can breathe wild blasts of lightning.
Your glossy black scales are hard (AC +7).
Your body does not fit into most forms of armour.
Your cold-blooded metabolism reacts poorly to cold.
You are resistant to electric shocks.
You have a fast metabolism.


Message History

Aiming: Magic Dart
Press: ? - help, Shift-Dir - straight line, f/p - yak
Aim: a yak (moderately wounded)
The magic dart hits the yak.
The yak is heavily wounded.
Your battlesphere fires!
The barrage of energy hits the yak.
The yak is heavily wounded.
You block the yak's attack.
Evoke which item? (* to show all) (? for menu, Esc to quit)
Zapping:
I - a wand of fire {zapped: 1}
Press: ? - help, Shift-Dir - straight line, f/p - yak
Aim: a yak (heavily wounded)
The bolt of fire misses the yak.
You block the yak's attack.
Evoke which item? (* to show all) (? for menu, Esc to quit)
Zapping:
v - a wand of frost {zapped: 1}
Press: ? - help, Shift-Dir - straight line, f/p - yak
Aim: a yak (heavily wounded)
The puff of frost misses the yak.
The yak gores you!
You die...

### ##
.##.#######.#######.##
........@...*........##
........Y.............#
#.+P##..(...........#
f. #....##+f##....# #
#...#.....Y....#
#...#.... +....#
#...#.....#%...##
#.........%ยง....#
#...+.....#.)..##


You could see a yak.

Vanquished Creatures
  The ghost of Zuul the Charmwright, an experienced DsSk of Sif Muna (D:7)
  A wyvern (D:8)
  13 yaks
  A hippogriff (D:8)
  3 wolves (Lair:1)
  4 porcupines (D:8)
  An ogre (D:7)
  Purgy (D:3)
  3 phantoms
  An orc warrior (D:7)
  6 ice beasts
  2 sky beasts
  A centaur (D:6)
  A crocodile (D:8)
  Duvessa (D:7)
  3 giant frogs
  Blork the orc (D:6)
  4 killer bees (D:8)
  A goliath beetle (D:7)
  Dowan (D:7)
  A jelly (D:6)
  A black bear zombie (D:6)
  4 crimson imps
  3 orc priests
  6 orc wizards
  2 hounds
  An iguana (D:8)
  5 worker ants
  Ijyb (D:3)
  A sky beast zombie (D:5)
  An ogre skeleton (D:7)
  Terence (D:3)
  10 mummies (Ossuary)
  3 adders
  11 gnolls
  3 green rats (D:8)
  A giant mite (D:3)
  An inept item mimic (D:2)
  6 worms
  An adder skeleton (D:8)
  2 giant eyeballs
  3 giant geckos
  33 orcs
  2 ball pythons
  2 bat skeletons
  4 giant cockroaches
  8 goblins
  13 hobgoblins
  7 quokkas
  13 bats
  8 giant newts
  A gnoll zombie (Ossuary)
  A goblin skeleton (D:5)
  A hobgoblin skeleton (D:4)
  3 hobgoblin zombies (Ossuary)
  17 jackals
  A jackal skeleton (D:5)
  17 kobolds
  A kobold skeleton (D:4)
  4 kobold zombies
  An orc skeleton (D:5)
  An orc zombie (Ossuary)
  15 rats
  A rat skeleton (D:4)
272 creatures vanquished.

Vanquished Creatures (others)
  An orc (D:2)
  A bush (D:8)
  A fungus (D:8)
  A plant (D:8)
4 creatures vanquished.

Grand Total: 276 creatures vanquished

Notes
Turn   | Place    | Note
--------------------------------------------------------------
     0 | D:1      | Lektor, the Draconian Conjurer, began the quest for the Orb.
     0 | D:1      | Reached XP level 1. HP: 14/14 MP: 3/3
   364 | D:1      | Reached XP level 2. HP: 20/20 MP: 4/4
   370 | D:1      | Learned a level 2 spell: Searing Ray
  1179 | D:2      | Found a bloodstained altar of Trog.
  1563 | D:2      | Reached XP level 3. HP: 14/26 MP: 6/6
  1788 | D:2      | Reached skill level 5 in Conjurations
  1918 | D:2      | Found a shimmering altar of Xom.
  1968 | D:2      | You fall through a shaft!
  2056 | D:3      | Noticed Ijyb
  2084 | D:3      | Killed Ijyb
  2084 | D:3      | Reached skill level 1 in Polearms
  2151 | D:3      | Learned a level 3 spell: Dazzling Spray
  2255 | D:3      | Reached XP level 4. HP: 34/34 MP: 7/7
  2256 | D:3      | Noticed Purgy
  2276 | D:3      | HP: 1/34 [Purgy (4)]
  2277 | D:3      | Killed Purgy
  2277 | D:3      | Reached skill level 6 in Conjurations
  2277 | D:3      | Reached XP level 5. HP: 1/39 MP: 0/9
  2789 | D:3      | Reached skill level 7 in Conjurations
  4014 | D:3      | Reached XP level 6. HP: 46/46 MP: 8/10
  4450 | D:3      | Noticed Terence
  4467 | D:3      | Killed Terence
  4885 | D:4      | Learned a level 4 spell: Iskenderun's Battlesphere
  5224 | D:4      | Reached skill level 1 in Charms
  5355 | D:4      | Your scales start taking on a glossy black colour.
  5355 | D:4      | Gained mutation: You are resistant to electric shocks. [draconian maturity]
  5355 | D:4      | Reached XP level 7. HP: 27/51 MP: 0/14
  6053 | D:5      | Entered Level 5 of the Dungeon
  6320 | D:5      | Found a sparkling altar of Nemelex Xobeh.
  6458 | D:5      | Reached skill level 8 in Conjurations
  7116 | D:6      | Reached XP level 8. HP: 54/58 MP: 6/18
  7234 | D:6      | Found a sand-covered staircase.
  7239 | Ossuary  | Entered an ossuary
  7995 | D:6      | Noticed Blork the orc
  7998 | D:6      | Killed Blork the orc
  7998 | D:6      | Reached skill level 1 in Shields
  8311 | D:7      | Noticed Duvessa
  8311 | D:7      | Noticed Dowan
  8415 | D:6      | Gained mutation: Space occasionally distorts in your vicinity. [potion of mutation]
  8415 | D:6      | Gained mutation: Your wings are large and strong. [potion of mutation]
  8415 | D:6      | Gained mutation: You have a fast metabolism. [potion of mutation]
  8421 | D:7      | Killed Dowan
  8425 | D:7      | Killed Duvessa
  8435 | D:7      | Found a staircase to the Ecumenical Temple.
  8442 | D:7      | Noticed Zuul's ghost (experienced DsSk)
  8448 | Temple   | Entered the Ecumenical Temple
  8464 | Temple   | Became a worshipper of Vehumet
  8531 | D:7      | Killed Zuul's ghost
  8531 | D:7      | Reached skill level 5 in Spellcasting
  8531 | D:7      | Reached XP level 9. HP: 45/63 MP: 1/21
  8626 | D:7      | Lost mutation: Your wings are large and strong. [potion of mutation]
  8626 | D:7      | Gained mutation: Your muscles are strong. (Str +2) [potion of mutation]
  8626 | D:7      | Gained mutation: You are clumsy. (Dex -2) [potion of mutation]
  8627 | D:7      | Lost mutation: Your muscles are strong. (Str +2) [potion of cure mutation]
  8627 | D:7      | Lost mutation: You are clumsy. (Dex -2) [potion of cure mutation]
  8627 | D:7      | Lost mutation: Space occasionally distorts in your vicinity. [potion of cure mutation]
  8781 | D:7      | Reached skill level 5 in Shields
  8785 | D:7      | Learned a level 2 spell: Blink
  9078 | D:8      | Reached skill level 1 in Translocations
  9093 | D:7      | Reached skill level 5 in Charms
  9240 | D:7      | Acquired Vehumet's first power
  9240 | D:7      | Offered knowledge of Flame Tongue by Vehumet.
  9334 | D:8      | Reached XP level 10. HP: 70/70 MP: 16/24
  9351 | D:8      | Found a staircase to the Lair.
  9398 | D:8      | Reached skill level 9 in Conjurations
  9778 | D:8      | Learned a level 5 spell: Fulminant Prism
  9921 | D:8      | Paralysed by a giant eyeball for 4 turns
  9976 | D:8      | Found an iron altar of Okawaru.
 10047 | D:8      | Offered knowledge of Shock by Vehumet.
 10050 | D:8      | Learned a level 1 spell: Shock
 10395 | Lair:1   | Entered Level 1 of the Lair of Beasts
 10414 | Lair:1   | Reached skill level 1 in Hexes
 10443 | Lair:1   | Slain by a yak

Action                   |  1- 3 |  4- 6 |  7- 9 | 10-12 || total
-------------------------+-------+-------+-------+-------++-------
Melee: Spear             |   130 |    37 |       |       ||   167
       Short sword       |       |    17 |       |       ||    17
       Hand axe          |       |    10 |   117 |    34 ||   161
Throw: Dart              |       |     8 |    27 |       ||    35
       Tomahawk          |       |       |     5 |     1 ||     6
 Cast: Magic Dart        |    13 |   115 |   245 |    81 ||   454
       Searing Ray       |     1 |     8 |    13 |    10 ||    32
       Dazzling Spray    |       |       |     2 |       ||     2
       Iskenderun's Batt |       |       |    14 |    15 ||    29
       Blink             |       |       |     1 |     2 ||     3
 Abil: Breathe Lightning |       |       |     6 |     7 ||    13
Evoke: Wand              |       |       |     1 |     3 ||     4
  Use: Potion            |       |     2 |     5 |     2 ||     9
       Scroll            |       |     1 |    19 |     1 ||    21
 Stab: Sleeping          |     4 |     1 |       |       ||     5
